PCL
DISTRICT 9 PRAWNS @ TEXARKANA BEARS
08/31/2028
 
TOP OF THE 1ST
District 9 Prawns batting - Pitching for Texarkana Bears : LHP Juan Barrera
Pitching: LHP Juan Barrera
Batting: SHB José Estreito 0-0: Foul Ball, location: 2F
0-1: Ball
1-1: Fly out, F8 (Flyball, 78M)
Batting: RHB José Colón 0-0: Called Strike
0-1: Ball
1-1: Ball
2-1: Ball
3-1: Base on Balls
Batting: RHB Doug O'Brien 0-0: Called Strike
0-1: Foul Ball, location: 2F
0-2: Ball
1-2: Grounds into double play, 4-6-3 (Groundball, 34)
Top of the 1st over - 0 run(s), 0 hit(s), 0 error(s), 0 left on base; District 9 0 - Texarkana 0
BOTTOM OF THE 1ST
Texarkana Bears batting - Pitching for District 9 Prawns : LHP Nelson Béltre
Pitching: LHP Nelson Béltre
Batting: RHB Taki Chikafuji 0-0: Ball
1-0: Called Strike
1-1: Ball
2-1: SINGLE (Groundball, 6MD)
Batting: RHB Tony Reyes 0-0: Ball
1-0: Ball
Wild Pitch!
Taki Chikafuji to second
2-0: Called Strike
2-1: Foul Ball, location: 2F
2-2: Foul Ball, location: 2F
2-2: Fly out, F9 (Flyball, 9S)
Batting: RHB Billy Campbell 0-0: Ball
1-0: SINGLE (Flyball, 89S)
Taki Chikafuji to third
Runner from 3rd tries for Home, SAFE, no throw
Batting: RHB Michael Barraclough 0-0: Ball
1-0: Grounds into double play, 6-4-3 (Groundball, 6)
Bottom of the 1st over - 1 run(s), 2 hit(s), 0 error(s), 0 left on base; District 9 0 - Texarkana 1
TOP OF THE 2ND
District 9 Prawns batting - Pitching for Texarkana Bears : LHP Juan Barrera
Batting: RHB Jesús Cruz 0-0: Ground out 5-3 (Groundball, 56)
Batting: RHB Gil Palmer 0-0: Called Strike
0-1: Ball
1-1: Ball
2-1: Ball
3-1: SINGLE (Line Drive, 4D)
Batting: RHB Carlos Flores 0-0: Grounds into double play, 6-4-3 (Groundball, 6)
Top of the 2nd over - 0 run(s), 1 hit(s), 0 error(s), 0 left on base; District 9 0 - Texarkana 1
BOTTOM OF THE 2ND
Texarkana Bears batting - Pitching for District 9 Prawns : LHP Nelson Béltre
Batting: LHB Sam Barnes 0-0: Called Strike
0-1: Foul Ball, location: 2F
0-2: Strikes out swinging
Batting: LHB Tom Mullins 0-0: Swinging Strike
0-1: Called Strike
0-2: Strikes out swinging
Batting: RHB Arturo Rodríguez 0-0: Ball
1-0: Ball
2-0: Foul Ball, location: 2F
2-1: Ball
3-1: Base on Balls
Batting: RHB Steve Garneys 0-0: Ground out 1-3 (Groundball, 13)
Bottom of the 2nd over - 0 run(s), 0 hit(s), 0 error(s), 1 left on base; District 9 0 - Texarkana 1
TOP OF THE 3RD
District 9 Prawns batting - Pitching for Texarkana Bears : LHP Juan Barrera
Batting: LHB Mike Davis 0-0: Called Strike
0-1: Ball
1-1: Ball
2-1: Ground out 5-3 (Groundball, 56)
Batting: LHB Al Bartlett 0-0: Swinging Strike
0-1: Swinging Strike
0-2: Strikes out swinging
Batting: RHB Phil Jacobs 0-0: Called Strike
0-1: Bunted foul
0-2: Ball
1-2: Foul Ball, location: 2F
1-2: Ball
2-2: Foul Ball, location: 2F
2-2: Ball
3-2: Base on Balls
Batting: SHB José Estreito 0-0: Ball
1-0: Ball
2-0: Ball
3-0: Base on Balls
Phil Jacobs to second
Batting: RHB José Colón 0-0: Called Strike
0-1: Ball
1-1: Swinging Strike
1-2: Ball
2-2: Ball
3-2: Strikes out swinging
Top of the 3rd over - 0 run(s), 0 hit(s), 0 error(s), 2 left on base; District 9 0 - Texarkana 1
BOTTOM OF THE 3RD
Texarkana Bears batting - Pitching for District 9 Prawns : LHP Nelson Béltre
Batting: RHB Kun Liu 0-0: Called Strike
0-1: Ground out 5-3 (Groundball, 56S)
Batting: RHB Taki Chikafuji 0-0: Called Strike
0-1: Called Strike
0-2: Ball
1-2: Fly out, F9 (Flyball, 9)
Batting: RHB Tony Reyes 0-0: Ball
1-0: Ball
2-0: Ball
3-0: Base on Balls
Batting: RHB Billy Campbell 0-0: Ball
1-0: Ball
2-0: DOUBLE (Flyball, 78D)
Tony Reyes to third
Batting: RHB Michael Barraclough 0-0: Swinging Strike
0-1: Fly out, F8 (Flyball, 8LM)
Bottom of the 3rd over - 0 run(s), 1 hit(s), 0 error(s), 2 left on base; District 9 0 - Texarkana 1
TOP OF THE 4TH
District 9 Prawns batting - Pitching for Texarkana Bears : LHP Juan Barrera
Batting: RHB Doug O'Brien 0-0: Fly out, F9 (Flyball, 9LM)
Batting: RHB Jesús Cruz 0-0: Swinging Strike
0-1: Ball
1-1: Ball
2-1: Ball
3-1: Base on Balls
Batting: RHB Gil Palmer 0-0: Called Strike
0-1: Fielders Choice at 2nd, 6-4 (Groundball, 6)
Batting: RHB Carlos Flores 0-0: Called Strike
0-1: SINGLE (Groundball, 56D)
Gil Palmer to second
Batting: LHB Mike Davis 0-0: Fielders Choice at 2nd, 4-6 (Groundball, 4)
Top of the 4th over - 0 run(s), 1 hit(s), 0 error(s), 1 left on base; District 9 0 - Texarkana 1
BOTTOM OF THE 4TH
Texarkana Bears batting - Pitching for District 9 Prawns : LHP Nelson Béltre
Batting: LHB Sam Barnes 0-0: Called Strike
0-1: Foul Ball, location: 2F
0-2: Ball
1-2: Ball
2-2: Strikes out swinging
Batting: LHB Tom Mullins 0-0: Ball
1-0: Called Strike
1-1: Called Strike
1-2: Foul Ball, location: 2F
1-2: Strikes out swinging
Batting: RHB Arturo Rodríguez 0-0: Ball
1-0: Ball
2-0: Ball
3-0: Base on Balls
Batting: RHB Steve Garneys 0-0: Ball
1-0: Ball
2-0: Called Strike
2-1: Ball
3-1: Base on Balls
Arturo Rodríguez to second
Batting: RHB Kun Liu 0-0: Ball
1-0: Swinging Strike
1-1: Ball
Error on foul ball, E5
2-2: Foul Ball, location: 2F
2-2: Foul Ball, location: 2F
2-2: Foul Ball, location: 2F
2-2: Foul Ball, location: 2F
2-2: Strikes out swinging
Bottom of the 4th over - 0 run(s), 0 hit(s), 1 error(s), 2 left on base; District 9 0 - Texarkana 1
TOP OF THE 5TH
District 9 Prawns batting - Pitching for Texarkana Bears : LHP Juan Barrera
Batting: LHB Al Bartlett 0-0: Ball
1-0: Called Strike
1-1: DOUBLE (Flyball, 8LD) - OUT at third base trying to stretch hit.
Batting: RHB Phil Jacobs 0-0: DOUBLE (Line Drive, 8RXD)
Batting: SHB José Estreito 0-0: Ground out 4-3 (Groundball, 4)
Phil Jacobs to third
Batting: RHB José Colón 0-0: Called Strike
0-1: Foul Ball, location: 2F
0-2: Ball
1-2: DOUBLE (Line Drive, 8LXD)
Phil Jacobs scores
Batting: RHB Doug O'Brien 0-0: Fly out, F8 (Flyball, 8RS)
Top of the 5th over - 1 run(s), 3 hit(s), 0 error(s), 1 left on base; District 9 1 - Texarkana 1
BOTTOM OF THE 5TH
Texarkana Bears batting - Pitching for District 9 Prawns : LHP Nelson Béltre
Batting: RHB Taki Chikafuji 0-0: Ball
1-0: Ball
2-0: Foul Ball, location: 2F
2-1: Swinging Strike
2-2: Ball
3-2: Base on Balls
Batting: RHB Tony Reyes 0-0: Ball
1-0: Ball
2-0: Ground out 5-3 (Groundball, 56S)
Taki Chikafuji to second
Batting: RHB Billy Campbell 0-0: Called Strike
Taki Chikafuji is caught stealing 3rd base
0-1: Ball
1-1: Ball
2-1: Swinging Strike
2-2: Strikes out swinging
Bottom of the 5th over - 0 run(s), 0 hit(s), 0 error(s), 0 left on base; District 9 1 - Texarkana 1
TOP OF THE 6TH
District 9 Prawns batting - Pitching for Texarkana Bears : LHP Juan Barrera
Batting: RHB Jesús Cruz 0-0: Fly out, F8 (Flyball, 8LM)
Batting: RHB Gil Palmer 0-0: Called Strike
0-1: Foul Ball, location: 2F
0-2: Fly out, F7 (Flyball, 7LM)
Batting: RHB Carlos Flores 0-0: Ball
1-0: DOUBLE (Flyball, 8LXD)
Batting: LHB Mike Davis 0-0: Ground out 4-3 (Groundball, 4D)
Top of the 6th over - 0 run(s), 1 hit(s), 0 error(s), 1 left on base; District 9 1 - Texarkana 1
BOTTOM OF THE 6TH
Texarkana Bears batting - Pitching for District 9 Prawns : LHP Nelson Béltre
Batting: RHB Michael Barraclough 0-0: Swinging Strike
0-1: Ball
1-1: Ball
2-1: Foul Ball, location: 2F
2-2: Foul Ball, location: 2F
2-2: Foul Ball, location: 2F
2-2: Ball
3-2: Foul Ball, location: 2F
3-2: Foul Ball, location: 2F
3-2: Foul Ball, location: 2F
3-2: Strikes out swinging
Batting: LHB Sam Barnes 0-0: Ball
1-0: Ball
2-0: Ball
3-0: Base on Balls
Batting: LHB Tom Mullins 0-0: Ball
1-0: Ball
2-0: Called Strike
2-1: Foul Ball, location: 2F
2-2: Strikes out swinging
Pitching: RHP Clayton Hawkins
Batting: RHB Arturo Rodríguez 0-0: Ball
1-0: Ball
2-0: Called Strike
2-1: Fielders Choice at 2nd, 4-6 (Groundball, 4)
Bottom of the 6th over - 0 run(s), 0 hit(s), 0 error(s), 0 left on base; District 9 1 - Texarkana 1
TOP OF THE 7TH
District 9 Prawns batting - Pitching for Texarkana Bears : LHP Juan Barrera
Batting: LHB Al Bartlett 0-0: Swinging Strike
0-1: Foul Ball, location: 2F
0-2: Ball
1-2: Foul Ball, location: 2F
1-2: Ball
2-2: Foul Ball, location: 2F
2-2: Foul Ball, location: 2F
2-2: Fly out, F8 (Flyball, 8RS)
Pinch Hitting: RHB Reynold Akker 0-0: Fly out, F7 (Flyball, 7)
Pinch Hitting: RHB Ron Glass 0-0: Ball
1-0: Foul Ball, location: 2F
1-1: Called Strike
1-2: Ball
2-2: Foul Ball, location: 2F
2-2: Ground out 1-3 (Groundball, 13S)
Top of the 7th over - 0 run(s), 0 hit(s), 0 error(s), 0 left on base; District 9 1 - Texarkana 1
BOTTOM OF THE 7TH
Texarkana Bears batting - Pitching for District 9 Prawns : RHP Clayton Hawkins
Now at SS: Boyd Pittman
Now in RF: Ralph Schultz
Pinch Hitting: RHB Gilberto López 0-0: SINGLE (Groundball, 56) (infield hit)
Pinch Hitting: RHB Keith Ford 0-0: Called Strike
0-1: Ball
1-1: Foul Ball, location: 2F
1-2: Ball
2-2: DOUBLE (Line Drive, 9LM)
Gilberto López to third
Pinch Hitting: LHB Mark Thomas 0-0: Ball
1-0: Ball
2-0: Foul Ball, location: 2F
2-1: DOUBLE (Line Drive, 8RD)
Gilberto López scores
Keith Ford scores
Batting: RHB Tony Reyes 0-0: Foul Ball, location: 2F
0-1: Ball
1-1: Ball
2-1: DOUBLE (Line Drive, 7LM)
Mark Thomas scores
Pitching: LHP Ricardo Vega
Batting: RHB Billy Campbell 0-0: SINGLE (Groundball, 56D)
Tony Reyes to third
Runner from 3rd tries for Home, SAFE, throw made home
Billy Campbell to second
Batting: RHB Michael Barraclough 0-0: Intentional Walk
Batting: LHB Sam Barnes 0-0: Foul Ball, location: 2F
0-1: Ball
1-1: Foul Ball, location: 2F
1-2: Strikes out swinging
Batting: LHB Tom Mullins 0-0: Foul Ball, location: 2F
0-1: Ball
1-1: Swinging Strike
1-2: Ball
2-2: Ball
3-2: Strikes out swinging
Batting: RHB Arturo Rodríguez 0-0: Swinging Strike
0-1: Foul Ball, location: 2F
0-2: Ball
1-2: Fielders Choice at 2nd, 5-4 (Groundball, 5L)
Bottom of the 7th over - 4 run(s), 5 hit(s), 0 error(s), 1 left on base; District 9 1 - Texarkana 5
TOP OF THE 8TH
District 9 Prawns batting - Pitching for Texarkana Bears : LHP Juan Barrera
Now at 2B: Cam Flowers
Now at SS: Franklin Lawrence
Now in RF: Mark Thomas
Batting: RHB José Colón 0-0: Foul Ball, location: 2F
0-1: Ball
1-1: Ball
2-1: Ball
3-1: Foul Ball, location: 2F
3-2: Foul Ball, location: 2F
3-2: Ground out 1-3 (Groundball, 13)
Batting: RHB Doug O'Brien 0-0: Foul Ball, location: 2F
0-1: Foul Ball, location: 2F
0-2: Foul Ball, location: 2F
0-2: Fly out, F7 (Flyball, 7D)
Batting: RHB Jesús Cruz 0-0: Foul Ball, location: 2F
0-1: Swinging Strike
0-2: SOLO HOME RUN (Flyball, 7LD), Distance : 387 ft
Batting: RHB Gil Palmer 0-0: Called Strike
0-1: Ball
1-1: Foul Ball, location: 2F
1-2: Foul Ball, location: 2F
1-2: Ball
2-2: Foul Ball, location: 2F
2-2: Ball
3-2: Strikes out swinging
Top of the 8th over - 1 run(s), 1 hit(s), 0 error(s), 0 left on base; District 9 2 - Texarkana 5
BOTTOM OF THE 8TH
Texarkana Bears batting - Pitching for District 9 Prawns : LHP Ricardo Vega
Batting: LHB Cam Flowers 0-0: SINGLE (Line Drive, 34D)
Batting: RHB Franklin Lawrence 0-0: Ball
1-0: SINGLE (Groundball, 34D)
Cam Flowers to second
Runner from 2nd tries for 3rd, SAFE, throw made to third
Batting: LHB Mark Thomas 0-0: Ball
1-0: Ball
2-0: Foul Ball, location: 2F
2-1: Fly out, F7 (Flyball, 7LMF)
Runner from 3rd tags up, SCORES, no throw
Pitching: RHP Marcos Miranda
Batting: RHB Tony Reyes 0-0: Swinging Strike
0-1: Ball
1-1: Fielders Choice at 2nd, 5-4 (Groundball, 56)
Batting: RHB Billy Campbell 0-0: Called Strike
0-1: Ball
1-1: Foul Ball, location: 2F
1-2: Ball
2-2: Strikes out swinging
Bottom of the 8th over - 1 run(s), 2 hit(s), 0 error(s), 1 left on base; District 9 2 - Texarkana 6
TOP OF THE 9TH
District 9 Prawns batting - Pitching for Texarkana Bears : LHP Juan Barrera
Pitching: RHP Kosami Tagawa
Batting: RHB Carlos Flores 0-0: Ball
1-0: Fly out, F4 (Flyball, 34D)
Batting: LHB Mike Davis 0-0: Ball
1-0: Ball
2-0: Called Strike
2-1: Foul Ball, location: 2F
2-2: Strikes out looking
Batting: LHB Al Bartlett 0-0: Called Strike
0-1: Foul Ball, location: 2F
0-2: Strikes out swinging
Top of the 9th over - 0 run(s), 0 hit(s), 0 error(s), 0 left on base; District 9 2 - Texarkana 6
Tuesday, August 8th, 2017 - OOTP Baseball 17.12 Build 75